Map: 10000 Feet LE

Players

DmitryK

  • Race: Terran Terran
  • League: Platinum
  • Spawn Location: 5:00

Speedy - Winner!

  • Race: Protoss Protoss
  • Spawn Location: 11:00

VOD

Have the link to the VOD?

Description

Time

  • Played on: March 22, 2026, 7:39 a.m.
  • Length: 10:25
Show
View Real Time Build Order
Export as new Build Order

DmitryK Terran 

Build Orders:  

Get SALT Encoding   

  12  0:00  SCV  
  13  0:12  SCV  
  14  0:17  Supply Depot  
  14  0:24  SCV  
  15  0:39  SCV  
  15  0:40  Barracks  
  16  0:44  Refinery  
  16  0:51  SCV  
  16  0:54  Refinery  
  17  1:03  SCV  
  18  1:06  Supply Depot  
  18  1:25  SCV  
  18  1:32  Reaper  
  20  1:38  Orbital Command  
  20  1:50  Factory  
  20  2:04  SCV, Barracks Reactor  
  21  2:16  SCV  
  22  2:28  SCV  
  22  2:29  Command Center  
  23  2:36  Factory Tech Lab  
  23  2:40  SCV  
  23  2:41  Marine x2  
  26  2:52  SCV  
  26  2:55  Siege Tank  
  30  3:04  Marine, Starport  
  31  3:18  Marine  
  31  3:19  SCV  
  33  3:21  Marine  
  34  3:28  Siege Tank  
  34  3:29  Supply Depot  
  34  3:31  SCV  
  38  3:40  Marine x2  
  38  3:43  SCV  
  40  3:49  Starport Tech Lab  
  39  3:57  Refinery, SCV  
  39  3:58  Marine  
  39  4:00  Supply Depot, Marine  
  41  4:14  Siege Tank  
  44  4:21  Banshee  
  47  4:24  Marine  
  47  4:29  Cloaking Field  
  48  4:36  Orbital Command  
  48  4:40  SCV  
  49  4:46  Marine  
  49  4:52  Widow Mine, SCV  
  53  5:02  SCV  
  54  5:08  Supply Depot  
  54  5:13  Bunker  
  54  5:17  SCV  
  43  5:36  Marine x2  
  43  5:38  Siege Tank  
  46  5:53  SCV  
  47  5:57  Marine x2  
  49  6:19  SCV  
  50  6:30  Command Center  
  47  6:43  SCV, Factory  
  48  6:49  Supply Depot  
  48  6:50  Refinery  
  48  6:51  SCV  
  48  6:53  Widow Mine  
  50  7:10  SCV  
  50  7:14  Widow Mine  
  53  7:16  Engineering Bay  
  53  7:28  Banshee  
  56  7:34  SCV x2  
  56  7:35  Siege Tank  
  61  7:47  Missile Turret  
  61  7:52  Missile Turret  
  61  8:07  Siege Tank  
  61  8:11  Banshee  
  61  8:12  Missile Turret  
  67  8:18  Refinery  
  67  8:26  SCV  
  68  8:33  Planetary Fortress  
  68  8:35  SCV  
  68  8:38  SCV  
  70  8:44  Refinery  
  70  8:45  Siege Tank  
  70  8:47  SCV  
  74  8:50  SCV  
  75  8:58  Missile Turret  
  75  8:59  SCV  
  77  9:02  SCV  
  74  9:11  SCV  
  74  9:14  SCV  
  57  9:18  Siege Tank  
  57  9:23  SCV  
  61  9:27  SCV  
  62  9:35  SCV  
  63  9:39  SCV x2  
  63  9:41  Widow Mine  
  63  9:42  Widow Mine  
  69  9:47  SCV  
  69  9:51  Widow Mine, SCV  
  73  9:54  Factory  
  76  10:04  Supply Depot, SCV x2  
  76  10:05  SCV  
Show
View Real Time Build Order
Export as new Build Order

Speedy Protoss - Winner!

Build Orders: 1 Gate Expand, Blink Stalkers 

Get SALT Encoding   

  12  0:00  Probe  
  13  0:12  Probe  
  14  0:17  Pylon  
  14  0:23  Probe  
  15  0:31  Probe  
  15  0:38  Gateway  
  15  0:39  Probe  
  16  0:47  Assimilator  
  17  0:51  Probe  
  18  1:03  Probe  
  19  1:17  Probe  
  20  1:29  Nexus  
  20  1:35  Cybernetics Core  
  20  1:40  Assimilator  
  20  1:42  Probe  
  21  1:50  Pylon  
  21  1:54  Probe  
  21  2:00  Stalker  
  22  2:06  Probe  
  23  2:11  Warp Gate  
  25  2:18  Probe  
  26  2:30  Probe  
  26  2:34  Twilight Council  
  26  2:36  Stalker  
  27  2:37  Gateway  
  29  2:44  Blink  
  29  2:45  Probe x2  
  31  2:57  Probe  
  31  3:05  Probe  
  32  3:09  Probe  
  33  3:17  Probe  
  34  3:21  Probe  
  34  3:24  Pylon  
  35  3:27  Gateway  
  35  3:29  Probe  
  35  3:33  Probe  
  37  3:42  Probe  
  37  3:45  Probe  
  39  3:52  Gateway  
  39  3:54  Gateway, Probe  
  40  3:57  Probe  
  40  3:59  Stalker  
  43  4:06  Probe  
  43  4:09  Stalker  
  47  4:10  Probe  
  47  4:19  Probe  
  47  4:22  Probe  
  49  4:24  Assimilator  
  49  4:26  Pylon  
  49  4:31  Robotics Facility, Probe  
  49  4:34  Probe  
  49  4:35  Charge  
  49  4:36  Stalker  
  53  4:40  Pylon  
  53  4:43  Pylon  
  53  4:47  Stalker x2  
  57  4:56  Stalker  
  57  4:57  Stalker  
  61  5:01  Forge  
  49  5:44  Stalker x5  
  49  5:47  Shield Battery  
  49  5:49  Gateway  
  59  5:52  Assimilator, Nexus  
  59  6:00  Gateway  
  59  6:03  Probe x2, Observer  
  59  6:04  Protoss Ground Weapons Level 1  
  62  6:07  Stalker x4  
  70  6:17  Stalker, Probe x2  
  74  6:21  Photon Cannon  
  74  6:29  Probe  
  74  6:40  Probe, Templar Archives  
  74  6:41  Probe  
  75  6:47  Assimilator  
  75  6:52  Probe  
  75  6:53  Photon Cannon, Probe  
  77  7:06  Psionic Storm  
  77  7:08  Observer  
  77  7:10  Probe x3  
  80  7:18  Nexus  
  80  7:20  Pylon  
  81  7:22  Probe  
  81  7:23  Probe x2  
  81  7:24  Photon Cannon  
  81  7:29  High Templar  
  85  7:30  High Templar, Zealot  
  85  7:35  Probe x3  
  92  7:38  Forge  
  92  7:41  Assimilator  
  92  7:49  Pylon  
  92  7:55  Zealot x4  
  92  7:56  Protoss Ground Armor Level 1  
  92  7:57  Pylon  
  100  8:00  Pylon  
  100  8:13  Pylon  
  100  8:15  High Templar x3, Zealot x3  
  100  8:19  Probe  
  114  8:20  Probe, Pylon  
  114  8:24  Probe  
  115  8:34  High Templar  
  117  8:35  Observer  
  117  8:37  Pylon  
  117  8:40  Probe x3  
  117  8:41  Probe  
  122  8:47  Gateway  
  122  8:52  Probe x2  
  122  8:53  Probe x2  
  126  9:02  Zealot  
  126  9:03  Zealot x5  
  116  9:20  Zealot, Probe x2  
  116  9:24  Gateway  
  120  9:27  Gateway  
  120  9:30  Gateway  
  120  9:32  Probe x3  
  120  9:33  Probe  
  120  9:34  Photon Cannon  
  120  9:37  High Templar x5  
  134  9:38  High Templar  
  134  9:43  Archon x3, Warp Prism  
  134  9:44  Nexus, Probe  
  134  9:45  Probe x2, Pylon  
  141  9:49  High Templar  
  143  9:54  Gateway  
  143  9:55  Assimilator  
  143  9:56  Gateway  
  143  9:58  Assimilator  
  143  9:59  Pylon  
  143  10:02  Pylon  
  131  10:17  Archon x3  
Tags
 
Composition
Blink Stalkers
League
Platinum
Matchup
ПvТ
Spawn Locations
Cross Positions
Add a new tag
Caveats
  • Supply blocks, unpowered buildings, or Contaminate may cause inaccurate times.
  • Supply counts are checked every 10 seconds.